MLB
OAKLAND ATHLETICS @ SEATTLE MARINERS
09/28/2019
 
TOP OF THE 1ST
Oakland Athletics batting - Pitching for Seattle Mariners : LHP Sean Manaea
Pitching: LHP Sean Manaea
Batting: LHB Steven Duggar 0-0: Ball
1-0: Ball
2-0: Ball
3-0: Base on Balls
Batting: RHB Jamie Ritchie 0-0: Swinging Strike
0-1: Ball
1-1: Foul Ball, location: 2F
1-2: Foul Ball, location: 2F
1-2: SINGLE (Groundball, 34D, EV 101.3 MPH)
Steven Duggar to second
Batting: RHB Jose Abreu 0-0: Foul Ball, location: 2F
0-1: Ball
1-1: SINGLE (Groundball, 4MD, EV 94.4 MPH)
Steven Duggar to third
Jamie Ritchie to second
Batting: RHB Rhys Hoskins 0-0: Called Strike
0-1: Ball
1-1: Ball
2-1: Called Strike
2-2: Ball
3-2: Strikes out swinging
Batting: LHB Didi Gregorius 0-0: Ball
1-0: Called Strike
1-1: Called Strike
1-2: SINGLE (Groundball, 34, EV 105.0 MPH) (infield hit)
Steven Duggar scores
Jamie Ritchie to third
Jose Abreu to second
Batting: RHB Mark Canha 0-0: Ball
1-0: DOUBLE (Line Drive, 5D, EV 97.5 MPH)
Jamie Ritchie scores
Jose Abreu scores
Didi Gregorius to third
Batting: SHB Eduardo Escobar 0-0: Foul Ball, location: 2F
0-1: Foul Ball, location: 2F
0-2: Foul Ball, location: 2F
0-2: Fly out, F8 (Flyball, 8RS, EV 81.9 MPH)
Batting: RHB Mac Williamson 0-0: Called Strike
0-1: Foul Ball, location: 2F
0-2: Ball
1-2: Strikes out swinging
Top of the 1st over - 3 runs, 4 hits, 0 errors, 2 left on base; Oakland 3 - Seattle 0
BOTTOM OF THE 1ST
Seattle Mariners batting - Pitching for Oakland Athletics : RHP Jerad Eickhoff
Pitching: RHP Jerad Eickhoff
Batting: LHB Ben Revere 0-0: Ball
1-0: Swinging Strike
1-1: Foul Ball, location: 2F
1-2: Strikes out swinging
Batting: LHB Brandon Nimmo 0-0: Ball
1-0: Ball
2-0: Called Strike
2-1: Foul Ball, location: 2F
2-2: Foul Ball, location: 2F
2-2: Ground out 4-3 (Groundball, 4, EV 85.6 MPH)
Batting: RHB Manny Machado 0-0: Called Strike
0-1: Ball
1-1: Called Strike
1-2: Strikes out looking
Bottom of the 1st over - 0 runs, 0 hits, 0 errors, 0 left on base; Oakland 3 - Seattle 0
TOP OF THE 2ND
Oakland Athletics batting - Pitching for Seattle Mariners : LHP Sean Manaea
Batting: SHB Freddy Galvis 0-0: Ball
1-0: Called Strike
1-1: Swinging Strike
1-2: Ball
2-2: Ball
3-2: Foul Ball, location: 2F
3-2: Foul Ball, location: 2F
3-2: Fly out, F7 (Flyball, 7LM, EV 104.4 MPH)
Batting: LHB Steven Duggar 0-0: DOUBLE (Line Drive, 89D, EV 110.6 MPH)
Batting: RHB Jamie Ritchie 0-0: Ball
Steven Duggar steals 3rd base
1-0: Foul Ball, location: 2F
1-1: SINGLE (Line Drive, 78M, EV 90.0 MPH)
Steven Duggar scores
Batting: RHB Jose Abreu 0-0: Called Strike
0-1: SINGLE (Line Drive, 7LS, EV 103.8 MPH)
Jamie Ritchie to second
Batting: RHB Rhys Hoskins 0-0: Ball
1-0: Called Strike
1-1: Ball
2-1: Fly out, F7 (Flyball, 78M, EV 90.0 MPH)
Batting: LHB Didi Gregorius 0-0: Called Strike
0-1: Called Strike
0-2: Ball
1-2: Ground out 1-3 (Groundball, 23, EV 85.6 MPH)
Top of the 2nd over - 1 run, 3 hits, 0 errors, 2 left on base; Oakland 4 - Seattle 0
BOTTOM OF THE 2ND
Seattle Mariners batting - Pitching for Oakland Athletics : RHP Jerad Eickhoff
Batting: RHB Brian Dozier 0-0: Ball
1-0: Foul Ball, location: 2F
1-1: Ball
2-1: Ground out 6-3 (Groundball, 6, EV 106.9 MPH)
Batting: RHB Willians Astudillo 0-0: Swinging Strike
0-1: Ball
1-1: Ground out 6-3 (Groundball, 6M, EV 102.5 MPH)
Batting: RHB Matt Kemp 0-0: Ground out 4-3 (Groundball, 4D, EV 79.4 MPH)
Bottom of the 2nd over - 0 runs, 0 hits, 0 errors, 0 left on base; Oakland 4 - Seattle 0
TOP OF THE 3RD
Oakland Athletics batting - Pitching for Seattle Mariners : LHP Sean Manaea
Batting: RHB Mark Canha 0-0: Ball
1-0: Ball
2-0: DOUBLE (Flyball, 7LD, EV 100.6 MPH)
Batting: SHB Eduardo Escobar 0-0: Foul Ball, location: 2F
0-1: Ball
1-1: Ball
Wild Pitch!
Mark Canha to third
2-1: Foul Ball, location: 2F
2-2: Ball
3-2: Base on Balls
Batting: RHB Mac Williamson 0-0: Ball
1-0: Called Strike
1-1: Ball
2-1: Ball
3-1: 3-RUN HOME RUN (Flyball, 9LD, EV 86.9 MPH), Distance : 345 ft
Pitching: RHP Jake Arrieta
Batting: SHB Freddy Galvis 0-0: Called Strike
0-1: Swinging Strike
0-2: Strikes out swinging
Batting: LHB Steven Duggar 0-0: Ball
1-0: Ball
2-0: Called Strike
2-1: Ball
3-1: Foul Ball, location: 2F
3-2: SINGLE (Line Drive, 8RS, EV 93.1 MPH)
Batting: RHB Jamie Ritchie 0-0: Ball
1-0: Ground out 1-3 (Groundball, P, EV 65.6 MPH)
Steven Duggar to second
Batting: RHB Jose Abreu 0-0: Called Strike
0-1: Ball
1-1: Ball
2-1: Swinging Strike
2-2: Foul Ball, location: 2F
2-2: Foul Ball, location: 2F
2-2: Foul Ball, location: 2F
2-2: Strikes out swinging
Top of the 3rd over - 3 runs, 3 hits, 0 errors, 1 left on base; Oakland 7 - Seattle 0
BOTTOM OF THE 3RD
Seattle Mariners batting - Pitching for Oakland Athletics : RHP Jerad Eickhoff
Batting: LHB Rowdy Tellez 0-0: Called Strike
0-1: Called Strike
0-2: Ball
1-2: Strikes out swinging
Batting: SHB Anthony Santander 0-0: Foul Ball, location: 2F
0-1: Ball
1-1: Ground out 4-3 (Groundball, 34D, EV 76.3 MPH)
Batting: LHB Eric Sogard 0-0: Ball
1-0: Ground out 4-3 (Groundball, 4, EV 76.3 MPH)
Bottom of the 3rd over - 0 runs, 0 hits, 0 errors, 0 left on base; Oakland 7 - Seattle 0
TOP OF THE 4TH
Oakland Athletics batting - Pitching for Seattle Mariners : RHP Jake Arrieta
Batting: RHB Rhys Hoskins 0-0: Ball
1-0: Ball
2-0: Called Strike
2-1: SINGLE (Groundball, 56D, EV 98.1 MPH)
Batting: LHB Didi Gregorius 0-0: Ball
1-0: 2-RUN HOME RUN (Flyball, 9LD, EV 107.5 MPH), Distance : 330 ft
Batting: RHB Mark Canha 0-0: Ball
1-0: Ball
2-0: Foul Ball, location: 2F
2-1: Foul Ball, location: 2F
2-2: Fly out, F7 (Flyball, 7S, EV 83.8 MPH)
Batting: SHB Eduardo Escobar 0-0: Ball
1-0: Called Strike
1-1: Swinging Strike
1-2: Strikes out looking
Batting: RHB Mac Williamson 0-0: Swinging Strike
0-1: Called Strike
0-2: Foul Ball, location: 2F
0-2: Ball
1-2: Strikes out looking
Top of the 4th over - 2 runs, 2 hits, 0 errors, 0 left on base; Oakland 9 - Seattle 0
BOTTOM OF THE 4TH
Seattle Mariners batting - Pitching for Oakland Athletics : RHP Jerad Eickhoff
Batting: LHB Ben Revere 0-0: Ground out 6-3 (Groundball, 6M, EV 105.0 MPH)
Batting: LHB Brandon Nimmo 0-0: Called Strike
0-1: Ball
1-1: Swinging Strike
1-2: Strikes out swinging
Batting: RHB Manny Machado 0-0: Ball
1-0: Ball
2-0: DOUBLE (Line Drive, 7LM, EV 100.0 MPH)
Batting: RHB Brian Dozier 0-0: Ball
1-0: Fly out, F8 (Line Drive, 8LD, EV 106.9 MPH)
Bottom of the 4th over - 0 runs, 1 hit, 0 errors, 1 left on base; Oakland 9 - Seattle 0
TOP OF THE 5TH
Oakland Athletics batting - Pitching for Seattle Mariners : RHP Jake Arrieta
Batting: SHB Freddy Galvis 0-0: Called Strike
0-1: Called Strike
0-2: Ball
1-2: Strikes out swinging
Batting: LHB Steven Duggar 0-0: Foul Ball, location: 2F
0-1: Ball
1-1: Foul Ball, location: 2F
1-2: Ball
2-2: Ground out 2-3 (Groundball, 15S, EV 70.0 MPH)
Batting: RHB Jamie Ritchie 0-0: Ground out 4-3 (Groundball, 4, EV 84.4 MPH)
Top of the 5th over - 0 runs, 0 hits, 0 errors, 0 left on base; Oakland 9 - Seattle 0
BOTTOM OF THE 5TH
Seattle Mariners batting - Pitching for Oakland Athletics : RHP Jerad Eickhoff
Batting: RHB Willians Astudillo 0-0: Called Strike
0-1: Fly out, F8 (Line Drive, 8LD, EV 90.0 MPH)
Batting: RHB Matt Kemp 0-0: SOLO HOME RUN (Flyball, 9D, EV 103.8 MPH), Distance : 383 ft
Batting: LHB Rowdy Tellez 0-0: Called Strike
0-1: Ball
1-1: Foul Ball, location: 2F
1-2: Strikes out swinging
Batting: SHB Anthony Santander 0-0: Swinging Strike
0-1: Ball
1-1: Foul Ball, location: 2F
1-2: Foul Ball, location: 2F
1-2: DOUBLE (Flyball, 8RXD, EV 108.8 MPH)
Batting: LHB Eric Sogard 0-0: Called Strike
0-1: Ball
1-1: Ball
2-1: Foul Ball, location: 2F
2-2: Strikes out swinging
Bottom of the 5th over - 1 run, 2 hits, 0 errors, 1 left on base; Oakland 9 - Seattle 1
TOP OF THE 6TH
Oakland Athletics batting - Pitching for Seattle Mariners : RHP Jake Arrieta
Batting: RHB Jose Abreu 0-0: Swinging Strike
0-1: Ball
1-1: Ball
2-1: Ball
3-1: Swinging Strike
3-2: Ground out 5-3 (Groundball, 56S, EV 80.0 MPH)
Batting: RHB Rhys Hoskins 0-0: Ball
1-0: Ball
2-0: Ball
3-0: Base on Balls
Pitching: RHP Emilio Pagan
Batting: LHB Didi Gregorius 0-0: Ball
Wild Pitch!
Rhys Hoskins to second
1-0: Ball
2-0: Ball
3-0: Called Strike
3-1: Swinging Strike
3-2: Foul Ball, location: 2F
3-2: Ground out 1-3 (Groundball, P, EV 76.3 MPH)
Rhys Hoskins to third
Batting: RHB Mark Canha 0-0: Called Strike
0-1: Ball
1-1: Ball
2-1: Foul Ball, location: 2F
2-2: Foul Ball, location: 2F
2-2: Fly out, F7 (Flyball, 7S, EV 87.5 MPH)
Top of the 6th over - 0 runs, 0 hits, 0 errors, 1 left on base; Oakland 9 - Seattle 1
BOTTOM OF THE 6TH
Seattle Mariners batting - Pitching for Oakland Athletics : RHP Jerad Eickhoff
Batting: LHB Ben Revere 0-0: Ball
1-0: Swinging Strike
1-1: Ball
2-1: Foul Ball, location: 2F
2-2: Ground out 1-3 (Groundball, 34S, EV 68.1 MPH)
Batting: LHB Brandon Nimmo 0-0: Called Strike
0-1: Ball
1-1: Foul Ball, location: 2F
1-2: SOLO HOME RUN (Flyball, 9LD, EV 108.1 MPH), Distance : 342 ft
Batting: RHB Manny Machado 0-0: Swinging Strike
0-1: Swinging Strike
0-2: Ball
1-2: Foul Ball, location: 2F
1-2: Foul Ball, location: 2F
1-2: Ball
2-2: Foul Ball, location: 2F
2-2: Strikes out looking
Batting: RHB Brian Dozier 0-0: Swinging Strike
0-1: Ball
1-1: Foul Ball, location: 2F
1-2: Strikes out swinging
Bottom of the 6th over - 1 run, 1 hit, 0 errors, 0 left on base; Oakland 9 - Seattle 2
TOP OF THE 7TH
Oakland Athletics batting - Pitching for Seattle Mariners : RHP Emilio Pagan
Pinch Hitting: LHB Shedric Long 0-0: Swinging Strike
0-1: Called Strike
0-2: Ball
1-2: Strikes out swinging
Pinch Hitting: LHB Herschel Powell 0-0: Foul Ball, location: 2F
0-1: Ball
1-1: Called Strike
1-2: Ball
2-2: Foul Ball, location: 2F
2-2: Ground out 4-3 (Groundball, 4, EV 83.8 MPH)
Batting: SHB Freddy Galvis 0-0: SINGLE (Groundball, 4D, EV 107.5 MPH)
Batting: LHB Steven Duggar 0-0: Ball
1-0: Called Strike
1-1: Ball
2-1: Ground out 4-3 (Groundball, 4, EV 96.9 MPH)
Top of the 7th over - 0 runs, 1 hit, 0 errors, 1 left on base; Oakland 9 - Seattle 2
BOTTOM OF THE 7TH
Seattle Mariners batting - Pitching for Oakland Athletics : RHP Jerad Eickhoff
Now at 3B: Cory Spangenberg
Now in LF: Shedric Long
Batting: RHB Willians Astudillo 0-0: Swinging Strike
0-1: Ball
1-1: Foul Ball, location: 2F
1-2: Ball
2-2: Ball
3-2: Ground out 5-3 (Groundball, 56S, EV 83.1 MPH)
Batting: RHB Matt Kemp 0-0: Ball
1-0: Fly out, F7 (Flyball, 7LS, EV 83.8 MPH)
Pinch Hitting: RHB Jordy Mercer 0-0: Ball
1-0: Ball
2-0: Swinging Strike
2-1: Called Strike
2-2: Foul Ball, location: 2F
2-2: Ball
3-2: Foul Ball, location: 2F
3-2: SINGLE (Line Drive, 56, EV 108.8 MPH)
Pitching: RHP Chasen Bradford
Pinch Hitting: SHB Jonah Heim 0-0: Ball
1-0: Foul Ball, location: 2F
1-1: Ball
2-1: Ground out 4-3 (Groundball, 4, EV 106.3 MPH)
Bottom of the 7th over - 0 runs, 1 hit, 0 errors, 1 left on base; Oakland 9 - Seattle 2
TOP OF THE 8TH
Oakland Athletics batting - Pitching for Seattle Mariners : RHP Emilio Pagan
Now at 1B: Jonah Heim
Now in RF: Brandon Dixon
Batting: RHB Jamie Ritchie 0-0: Swinging Strike
0-1: Swinging Strike
0-2: Strikes out swinging
Batting: RHB Jose Abreu 0-0: Ball
1-0: SINGLE (Groundball, 56D, EV 106.9 MPH)
Batting: RHB Rhys Hoskins 0-0: Ball
1-0: Ball
2-0: Ball
3-0: Called Strike
3-1: Called Strike
3-2: Base on Balls
Jose Abreu to second
Pitching: RHP Alex Wilson
Batting: LHB Didi Gregorius 0-0: Ball
1-0: Foul Ball, location: 2F
1-1: Ball
2-1: DOUBLE (Line Drive, 5D, EV 106.9 MPH)
Jose Abreu scores
Rhys Hoskins to third
Batting: RHB Mark Canha 0-0: 3-RUN HOME RUN (Flyball, 7D, EV 105.6 MPH), Distance : 384 ft
Batting: LHB Shedric Long 0-0: Called Strike
0-1: SINGLE (Line Drive, 4M, EV 113.8 MPH)
Batting: LHB Cory Spangenberg 0-0: Called Strike
0-1: Foul Ball, location: 2F
0-2: Strikes out swinging
Batting: SHB Freddy Galvis 0-0: Ball
1-0: Called Strike
1-1: Swinging Strike
1-2: Foul Ball, location: 2F
1-2: Ball
2-2: Fly out, F9 (Flyball, 9S, EV 91.3 MPH)
Top of the 8th over - 4 runs, 4 hits, 0 errors, 1 left on base; Oakland 13 - Seattle 2
BOTTOM OF THE 8TH
Seattle Mariners batting - Pitching for Oakland Athletics : RHP Chasen Bradford
Batting: LHB Eric Sogard 0-0: Foul Ball, location: 2F
0-1: Ground out 4-3 (Groundball, 4MS, EV 86.9 MPH)
Batting: LHB Ben Revere 0-0: Ball
1-0: Swinging Strike
1-1: Ball
2-1: Ground out 1-3 (Groundball, P, EV 85.6 MPH)
Batting: LHB Brandon Nimmo 0-0: Ball
1-0: Ball
2-0: Foul Ball, location: 2F
2-1: Foul Ball, location: 2F
2-2: TRIPLE (Flyball, 9LD, EV 113.1 MPH)
Batting: RHB Manny Machado 0-0: Ball
1-0: Called Strike
1-1: Called Strike
1-2: Ball
2-2: Strikes out swinging
Bottom of the 8th over - 0 runs, 1 hit, 0 errors, 1 left on base; Oakland 13 - Seattle 2
TOP OF THE 9TH
Oakland Athletics batting - Pitching for Seattle Mariners : RHP Alex Wilson
Batting: LHB Steven Duggar 0-0: Foul Ball, location: 2F
0-1: Foul Ball, location: 2F
0-2: SINGLE (Flyball, 9S, EV 86.9 MPH)
Batting: RHB Jamie Ritchie 0-0: Fly out, F8 (Line Drive, 8LM, EV 87.5 MPH)
Batting: RHB Jose Abreu 0-0: Fly out, F8 (Flyball, 78D, EV 107.5 MPH)
Batting: RHB Rhys Hoskins 0-0: SINGLE (Groundball, 56D, EV 95.0 MPH)
Steven Duggar to second
Batting: LHB Didi Gregorius 0-0: Foul Ball, location: 2F
0-1: Ball
1-1: Swinging Strike
1-2: Foul Ball, location: 2F
1-2: Foul Ball, location: 2F
1-2: Ground out U3 (Groundball, 34, EV 87.5 MPH)
Top of the 9th over - 0 runs, 2 hits, 0 errors, 2 left on base; Oakland 13 - Seattle 2
BOTTOM OF THE 9TH
Seattle Mariners batting - Pitching for Oakland Athletics : RHP Chasen Bradford
Batting: RHB Brian Dozier 0-0: Ball
1-0: Ball
2-0: Ball
3-0: Called Strike
3-1: Swinging Strike
3-2: SINGLE (Groundball, 56D, EV 105.0 MPH)
Batting: RHB Willians Astudillo 0-0: Ball
1-0: Swinging Strike
1-1: Foul Ball, location: 2F
1-2: Ball
2-2: Fly out, F6 (Flyball, 6MD, EV 83.1 MPH)
Batting: RHB Matt Kemp 0-0: Foul Ball, location: 2F
0-1: Called Strike
0-2: Fly out, F8 (Flyball, 8RXD, EV 86.9 MPH)
Batting: RHB Brandon Dixon 0-0: Foul Ball, location: 2F
0-1: Swinging Strike
0-2: Ball
1-2: Foul Ball, location: 2F
1-2: Foul Ball, location: 2F
1-2: Foul Ball, location: 2F
1-2: Ball
2-2: Foul Ball, location: 2F
2-2: Strikes out swinging
Bottom of the 9th over - 0 runs, 1 hit, 0 errors, 1 left on base; Oakland 13 - Seattle 2
Monday, January 6th, 2020 - OOTP Baseball 20.8 Build 73